 Dungeon Crawl Stone Soup version 0.30-a0-172-gc5509c9e31 (webtiles) character file.

Game seed: 5482694381316455052

16 blackman the Charlatan (level 2, 0/20 HPs)
             Began as a Demigod Wanderer on Oct 2, 2022.
             Constricted to death by Natasha (1 damage)
             ... on level 2 of the Dungeon.
             The game lasted 00:02:05 (1127 turns).

blackman the Charlatan (Demigod Wanderer)           Turns: 1127, Time: 00:02:05

Health: 0/20       AC:  4    Str: 11    XL:     2   Next: 27%
Magic:  4/4        EV:  8    Int: 11    God:
Gold:   108        SH:  0    Dex: 18    Spells: 1/1 levels left

rFire   . . .      SeeInvis .    k - +2 short sword (elec)
rCold   . . .      Faith    .    (no shield)
rNeg    + . .      Spirit   .    l - +1 leather armour {rN+}
rPois   .          Reflect  .    (no helmet)
rElec   .          Harm     .    (no cloak)
rCorr   .          Rampage  .    (no gloves)
Will    .....                    (no boots)
Stlth   +.........               (no amulet)
HPRegen 0.23/turn                (no ring)
MPRegen 0.09/turn                (no ring)

@: grasped by roots, constricted
A: high MP 1, forlorn, divine attributes
a: no special abilities


You were on level 2 of the Dungeon.
You visited 1 branch of the dungeon, and saw 2 of its levels.

You collected 108 gold pieces.

Inventory:

Hand Weapons
 a - a +0 spear
 k - a +2 short sword of electrocution (weapon)
Armour
 e - a +0 robe
 g - a +0 ring mail
 l - a +1 leather armour of positive energy (worn)
Wands
 c - a wand of flame (3) (quivered)
Scrolls
 b - 2 scrolls of summoning
 d - a scroll of vulnerability
 h - 3 scrolls of amnesia {unknown}
 j - 2 scrolls of blinking {unknown}
 m - a scroll of identify {unknown}
 o - a scroll of enchant armour {unknown}
Potions
 f - a potion of flight {unknown}
 i - a potion of curing {unknown}
 n - 2 potions of ambrosia {unknown}


   Skills:
 * Level 2.0 Long Blades
 - Level 1.7 Polearms
 - Level 1.0 Throwing
 - Level 1.0 Dodging
 - Level 2.6 Unarmed Combat
 - Level 2.6 Evocations


You had one spell level left.
You didn't know any spells.
Your spell library contained the following spells:

 Spells                   Type           Power      Damage    Failure   Level
 Slow                     Hex            0%         N/A       43%         1
 Confusing Touch          Hex            0%         N/A       80%         3
 Dazzling Flash           Conj/Hex       0%         N/A       80%         3
 Vampiric Draining        Necr           0%         2d6       80%         3
 Agony                    Necr           0%         N/A       100%        5
 Silence                  Hex/Air        0%         N/A       100%        5


Dungeon Overview and Level Annotations

Branches:
Dungeon (2/15)

Annotations:
D:2 Natasha


Innate Abilities, Weirdness & Mutations

You have an increased reservoir of magic. (+10% MP)
You shall have no god before yourself.
Your divine heritage dramatically boosts your attributes as you level up.


Message History

Key pressed, stopping explore.
Natasha, Servant of Life and Death comes into view.
She is carrying a wand of roots (7).
Natasha mumbles some strange words.
Natasha barely misses you.
You closely miss Natasha. Natasha casts a spell at you.
You resist with significant effort.
You closely miss Natasha.
Natasha zaps a wand.
The roots erupt in riotous growth!
The grasping roots grab you!
Natasha is unaffected.
The grasping roots constrict you!
You hit Natasha.
Natasha is lightly wounded.
Natasha claws you. The grasping roots constrict you.
* * * LOW HITPOINT WARNING * * *
You are too injured to fight recklessly!
You are too injured to fight recklessly!
You are too injured to fight recklessly!
You are too injured to fight recklessly!
You are too injured to fight recklessly!
You are too injured to fight recklessly!
You are too injured to fight recklessly!
You are too injured to fight recklessly!
You are too injured to fight recklessly!
You are too injured to fight recklessly!
You are too injured to fight recklessly!
You are too injured to fight recklessly!
You are too injured to fight recklessly!
You are too injured to fight recklessly!
Unknown command.
You barely miss Natasha.
Natasha is lightly wounded.
Natasha barely misses you. The grasping roots constrict you.
* * * LOW HITPOINT WARNING * * *
You hit Natasha.
Natasha is moderately wounded.
Natasha claws you.
* * * LOW HITPOINT WARNING * * *
The grasping roots constrict you.
You die...

#.. #..#
#... #...
..# #.# #
##.####.#
#....@h5#
#..######
#..#
#..#####
####......#
#.........#
#.##.##...#
#.##.######
#.##.#


You could see an iron imp (summoned) and Natasha.

Vanquished Creatures
  A dart slug (D:1)
  2 endoplasms
  A goblin (D:1)
  A hobgoblin (D:1)
  2 kobolds
  3 ball pythons (D:1)
  3 bats
  3 rats (D:1)
16 creatures vanquished.

Notes
Turn   | Place    | Note
-------+----------+-------------------------------------------
     0 | D:1      | blackman the Demigod Wanderer began the quest for the Orb.
     0 | D:1      | blackman set off with the following items: a +0 spear, 2
                  | scrolls of summoning, a wand of flame (3), a scroll of
                  | vulnerability, a +0 robe.
     0 | D:1      | Reached XP level 1. HP: 14/14 MP: 3/3
   229 | D:1      | Reached skill level 1 in Long Blades
   435 | D:1      | Reached XP level 2. HP: 16/20 MP: 4/4
  1119 | D:2      | Noticed Natasha
  1127 | D:2      | HP: 1/20 [Natasha (1)]
  1127 | D:2      | Constricted to death by Natasha

Illustrated notes

Levels and vault maps discovered:
D:1:      reono_arrival_mine, layout_loops_ring, basic_ecumenical_altar,
          chequers_garden, chequers_serial_rivers_large_b, nicolae_hexahallways,
          minmay_misc_feat_diagonals
D:2:      cheibrodos_helix_gallery, layout_loops_ring, minmay_misc_feat_pillars,
          uniq_natasha

Skill      XL: |  1  2 |
---------------+-------+-----
Long Blades    | 1 2 |  2.0
Polearms       | |  1.7
Throwing       | |  1.0
Dodging        | |  1.0
Unarmed Combat | |  2.6
Evocations     | |  2.6

Action                   || total
-------------------------++-------
Melee: Spear             ||    38
       Short sword       ||    15
 Stab: Sleeping          ||     2
Armor: Ring mail         ||     9
       Leather armour    ||     6
Dodge: Dodged            ||    22

Table legend: (Time is in decaauts)
 A = Elapsed time spent in this place.
 B = Non-inter-level travel time spent in this place.
 C = Inter-level travel time spent in this place.
 D = Time resting spent in this place.
 E = Time spent auto-exploring this place.
 F = Levels seen in this place.
 G = Mean time per level.
                   A        B        C        D        E       F      G
               +--------+--------+--------+--------+--------+-----+--------+
         Total |   1155 |   1116 |     39 |      0 |    959 |   2 |  577.5 |
       Dungeon |   1155 |   1116 |     39 |      0 |    959 |   2 |  577.5 |
               +--------+--------+--------+--------+--------+-----+--------+

Top non-repeatable levels by time:
     D:1: 1001 daAuts
     D:2: 154 daAuts
